 Dungeon Crawl Stone Soup version 0.25-a0-420-g1cc7eeb (webtiles) character file.

Game seed: 17499457594988568625, levelgen mode: deterministic

69 BlueFish the Insei (level 4, -1/28 HPs)
             Began as an Octopode Transmuter on Jan 18, 2020.
             Succumbed to Terence's poison
             ... on level 2 of the Dungeon.
             The game lasted 00:02:51 (1024 turns).

BlueFish the Insei (Octopode Transmuter)            Turns: 1024, Time: 00:02:52

Health: -1/28      AC:  2    Str: 10    XL:     4   Next: 20%
Magic:  2/7        EV: 14    Int: 15    God:
Gold:   0          SH:  0    Dex: 12    Spells: 2/8 levels left

rFire    . . .     SeeInvis .     - Unarmed
rCold    . . .     Gourm    .   (no shield)
rNeg     . . .     Faith    .   e - +1 hat
rPois    .         Spirit   .   (no amulet)
rElec    .         Reflect  .   (no ring)
rCorr    .         Harm     .   (no ring)
MR       .....                  (no ring)
Stlth    ++........             (no ring)
HPRegen  0.09/turn              (no ring)
MPRegen  0.10/turn              (no ring)
                                (no ring)
                                (no ring)

@: lethally poisoned (-1 -> -23), very slightly contaminated
A: almost no armour, stealthy swim, amphibious, 8 rings, constrict 8, camouflage
1, gelatinous body 1
a: no special abilities


You were on level 2 of the Dungeon.
You were not hungry.

You visited 1 branch of the dungeon, and saw 2 of its levels.

Inventory:

Missiles
 a - 10 arrows
Armour
 e - a +1 hat (worn)
Comestibles
 c - 2 rations
 d - 2 chunks of flesh


   Skills:
 * Level 1.2 Fighting
 + Level 2.6 Dodging
 + Level 0.4 Stealth
 + Level 3.6 Unarmed Combat
 + Level 2.6 Spellcasting
 + Level 2.2 Transmutations
 * Level 0.8 Poison Magic


You had 2 spell levels left.
You knew the following spells:

 Your Spells              Type           Power        Failure   Level  Hunger
a - Beastly Appendage     Tmut           #.....       9%          1    #......
b - Sticks to Snakes      Tmut           #.......     13%         2    ###....
c - Spider Form           Tmut/Pois      #.........   32%         3    ###....

Your spell library contained the following spells:

 Spells                   Type           Power        Failure   Level  Hunger
 Ice Form                 Ice/Tmut       #.......     78%         4    #####..
 Blade Hands              Tmut           #.........   93%         5    ######.


Dungeon Overview and Level Annotations

Branches:
Dungeon (2/15)

Altars:


Innate Abilities, Weirdness & Mutations

You cannot wear most types of armour.
You are very stealthy in the water. (Stealth+)
You are amphibious.
You can wear up to eight rings at the same time.
You can use your tentacles to constrict eight enemies at once.
Your skin changes colour to match your surroundings (Stealth+).
Your rubbery body absorbs attacks. (AC +1, EV +1)


Message History

You feel very sick. The goblin barely misses you.
The kobold hits you but does no damage.
You tentacle-slap the goblin.
You kill the goblin!
* * * LOW HITPOINT WARNING * * *
You feel sick. The kobold hits you but does no damage.
You closely miss the kobold. You grab the kobold. You squeeze the kobold.
You kill the kobold!
* * * LOW HITPOINT WARNING * * *
You feel sick.
* * * LOW HITPOINT WARNING * * *
You feel sick.
Items here: ) [ †† a +2 trident of venom; a +0 scale mail; a kobold corpse the human corpse of Terence
* * * LOW HITPOINT WARNING * * *
You feel sick.
You see here a goblin corpse.
You butcher the goblin corpse.
You die...

.# .# .#
###.##
#....##..
#......
#...#
#)@# #..#
#<.#
#.......#
#.#..##.#
......# #
### ####


There were no monsters in sight!

Vanquished Creatures
  Terence (D:2)
  A gnoll (D:1)
  A leopard gecko (D:1)
  A giant cockroach (D:1)
  5 goblins
  2 hobgoblins (D:1)
  3 jackals (D:1)
  6 kobolds
  3 bats (D:1)
  4 frilled lizards (D:1)
  4 rats (D:1)
31 creatures vanquished.

Vanquished Creatures (collateral kills)
  A kobold (D:1)
1 creature vanquished.

Grand Total: 32 creatures vanquished

Notes
Turn   | Place    | Note
-------+----------+-------------------------------------------
     0 | D:1      | BlueFish the Octopode Transmuter began the quest for the
                  | Orb.
     0 | D:1      | Reached XP level 1. HP: 13/13 MP: 3/3
    79 | D:1      | Reached XP level 2. HP: 4/18 MP: 3/5
    85 | D:1      | Learned a level 2 spell: Sticks to Snakes
   608 | D:1      | Reached XP level 3. HP: 23/23 MP: 4/6
   613 | D:1      | Learned a level 3 spell: Spider Form
  1002 | D:2      | Noticed Terence
  1017 | D:2      | Killed Terence
  1017 | D:2      | Reached XP level 4. HP: 15/28 MP: 1/7
  1023 | D:2      | HP: 1/28 [poisoned by Terence]
  1024 | D:2      | Succumbed to Terence's poison

Levels and vault maps discovered:
D:1:      dpeg_arrival_castle, layout_loops_ring
D:2:      layout_loops_cross, lightli_temple_of_fire,
          chequers_ecumenical_altar_twisty, first_ration, uniq_terence

Action                   |  1- 3 |  4- 6 || total
-------------------------+-------+-------++-------
Melee: Unarmed           |    64 |     4 ||    68
       Constrict         |    16 |     1 ||    17
       Tentacles         |     7 |     2 ||     9
       Kick              |    12 |       ||    12
       Punch             |     1 |       ||     1
 Cast: Beastly Appendage |    16 |       ||    16
       Sticks to Snakes  |     2 |       ||     2
       Spider Form       |     1 |       ||     1
  Use: Scroll            |     3 |       ||     3
 Stab: Sleeping          |     5 |       ||     5
  Eat: Chunk             |     1 |       ||     1
Armor: Skin              |     4 |     3 ||     7
Dodge: Dodged            |    35 |     3 ||    38

Table legend:
 A = Non-vault XP
 B = Vault XP
 C = Vault XP percentage of total XP
 D = Non-vault monster count
 E = Vault monster count
 F = Vault count percentage of total count
                 A         B        C        D         E       F
            +---------+---------+-------+---------+---------+-------
      Total |      63 |      36 |  36.4 |      31 |       1 |   3.1
            +---------+---------+-------+---------+---------+-------
        D:1 |      59 |       0 |   0.0 |      29 |       0 |   0.0
        D:2 |       4 |      36 |  90.0 |       2 |       1 |  33.3
            +---------+---------+-------+---------+---------+-------
